 Dungeon Crawl Stone Soup version 0.24.0-13-gcf9b3192b9 (webtiles) character file.

Game seed: 2798386355391542651, levelgen mode: deterministic

161 Metae the Skirmisher (level 5, 0/52 HPs)
             Began as a Minotaur Fighter on Nov 9, 2019.
             Slain by an orc wizard
             ... wielding a +0 dagger
              (2 damage)
             ... on level 3 of the Dungeon.
             The game lasted 00:08:07 (2109 turns).

Metae the Skirmisher (Minotaur Fighter)             Turns: 2109, Time: 00:08:08

Health: 0/52       AC:  6    Str: 22    XL:     5   Next: 18%
Magic:  4/4        EV:  7    Int:  5    God:
Gold:   109        SH:  9    Dex:  9    Spells: 4/4 levels left

rFire    . . .     SeeInvis .   a - +0 long sword
rCold    . . .     Gourm    .   c - +0 shield
rNeg     . . .     Faith    .   m - +0 scale mail
rPois    .         Spirit   .   (helmet restricted)
rElec    .         Reflect  .   (no cloak)
rCorr    .         Harm     .   (no gloves)
MR       .....                  (no boots)
Stlth    ..........             (no amulet)
HPRegen  0.17/turn              (no ring)
MPRegen  0.09/turn              (no ring)

@: no status effects
A: retaliatory headbutt, horns 2
a: no special abilities


You were on level 3 of the Dungeon.
You were not hungry.

You visited 1 branch of the dungeon, and saw 3 of its levels.

You collected 109 gold pieces.

Inventory:

Hand Weapons
 a - a +0 long sword (weapon)
 b - a +0 hunting sling
 e - a +2 short sword of venom
 w - a +0 hand crossbow
 y - a +0 falchion
Missiles
 n - 50 stones (quivered)
 v - 24 sling bullets
Armour
 c - a +0 shield (worn)
 j - a +0 plate armour
 k - a cursed +0 leather armour
 m - a +0 scale mail (worn)
Wands
 l - a wand of clouds (6)
Scrolls
 g - 2 scrolls of identify {unknown}
 i - a scroll of immolation {unknown}
 o - a scroll of remove curse {unknown}
 p - 2 scrolls of fear {unknown}
 t - 2 scrolls of teleportation {unknown}
Potions
 d - a potion of might
 h - a potion of invisibility {unknown}
 q - 2 potions of degeneration {unknown}
 r - a potion of curing {unknown}
 u - a potion of heal wounds {unknown}
 x - a potion of agility {unknown}
 z - a potion of haste {unknown}
 A - a potion of ambrosia {unknown}
Comestibles
 f - 5 rations
 s - a chunk of flesh


   Skills:
 + Level 7.2 Fighting
 - Level 2.4 Long Blades
 - Level 3.6 Armour
 - Level 3.6 Shields


You had 4 spell levels left.
You didn't know any spells.
Your spell library was empty.

Dungeon Overview and Level Annotations

Branches:
Dungeon (3/15)

Altars:


Innate Abilities, Weirdness & Mutations

You reflexively headbutt those who attack you in melee.
You have a pair of horns on your head.


Message History

The orc priest is severely wounded.
The orc priest hits you but does no damage.
The orc wizard points at you and mumbles some strange words.
The magic dart hits you. The orc hits you but does no damage.
The orc priest invokes the aid of Beogh against you.
Beogh smites you!
* * * LOW HITPOINT WARNING * * *
There is an open door here.
Okay, then.
That item cannot be evoked!
The orc priest closely misses you.
You riposte.
You closely miss the orc priest.
The orc priest is severely wounded.
The orc wizard gestures at you while chanting.
The puff of frost hits you.
* * * LOW HITPOINT WARNING * * *
There is a stone staircase leading up here.
You block the orc priest's attack.
The orc wizard hits you with a +0 dagger.
You die...

..##÷..........####)........
...............'..o.........
..#####........####.......#.
### #.............#######
#######.............#
#....##.........o...###
......+...............+
......#.........oo..###
......#....#...#@..##
........)....#'###.#
........()...÷..##.#
#.##++..)....÷).'..# #.#
#..........####
#+####.........[#
.....#..........#
.....#######....# .....#
#....#


You could see an orc priest, an orc wizard and an orc.

Vanquished Creatures
  9 adders (D:2)
  2 worms
  A dart slug (D:2)
  2 leopard geckos
  4 orcs (D:3)
  5 ball pythons (D:2)
  8 bats
  A giant cockroach (D:3)
  7 goblins
  6 hobgoblins
  4 jackals (D:2)
  2 quokkas (D:3)
  2 frilled lizards
  7 kobolds
  6 rats
66 creatures vanquished.

Notes
Turn   | Place    | Note
-------+----------+-------------------------------------------
     0 | D:1      | Metae the Minotaur Fighter began the quest for the Orb.
     0 | D:1      | Reached XP level 1. HP: 19/19 MP: 0/0
    42 | D:1      | Reached skill level 4 in Fighting
    69 | D:1      | Reached XP level 2. HP: 28/28 MP: 1/1
   662 | D:2      | Reached skill level 5 in Fighting
   662 | D:2      | Reached XP level 3. HP: 35/36 MP: 2/2
   861 | D:2      | Reached skill level 6 in Fighting
   861 | D:2      | Reached XP level 4. HP: 44/44 MP: 3/3
  1834 | D:3      | Reached XP level 5. HP: 51/51 MP: 4/4
  1846 | D:3      | Reached skill level 7 in Fighting
  2106 | D:3      | HP: 2/52 [orc wizard/puff of frost (3)]
  2109 | D:3      | Slain by an orc wizard

Levels and vault maps discovered:
D:1:      matt_arrival_grand_opening, layout_rooms, grunt_decor_one_mirror
D:2:      layout_basic, serial_corexii_hall, corexii_hall_statues_l,
          corexii_hall_statues_s, minmay_snake_closets
D:3:      layout_basic, first_ration

Skill      XL: |  1  2  3  4  5 |
---------------+----------------+-----
Fighting       | 4 5 6 7 |  7.2
Long Blades    | |  2.4
Armour         | |  3.6
Shields        | |  3.6

Action                   |  1- 3 |  4- 6 || total
-------------------------+-------+-------++-------
Melee: Long sword        |    83 |   109 ||   192
       Headbutt          |     7 |    13 ||    20
 Fire: Hunting sling     |     8 |       ||     8
  Eat: Ration            |       |     1 ||     1
       Chunk             |       |     1 ||     1
Armor: Scale mail        |    53 |    69 ||   122
Dodge: Dodged            |    23 |    44 ||    67
Block: Shield            |    55 |    78 ||   133
       Rpst.: Long sword |     3 |    16 ||    19
